 Dungeon Crawl Stone Soup version 0.31-a0-1388-g4b2ba238e7 (webtiles) character file.

Game seed: 12879168978183807612

22 thriggle the Changeling (level 2, 0/27 HPs)
             Began as an Octopode Shapeshifter on Dec 24, 2023.
             Succumbed to a kobold's poison
             ... on level 1 of the Dungeon.
             The game lasted 00:01:35 (663 turns).

thriggle the Changeling (Octopode Shapeshifter)      Turns: 663, Time: 00:01:35

Health: 0/27       AC: 21    Str: 10 (13) XL:     2   Next: 91%
Magic:  2/2        EV:  2    Int: 10 (12) God:
Gold:   49         SH:  0    Dex:  9 (11) Spells: 1/1 levels left

rFire   . .          .
                       - Unarmed
rCold   . . .        (no shield)
rNeg    . . .        (helmet currently unavailable)
rPois   +            (no amulet)
rElec   .            (no ring)
rCorr   .            (no ring)
SInv    .            (no ring)
Will    .....        (no ring)
Stlth   +            (no ring)
HPRegen 0.24/turn    (no ring)
MPRegen 0.08/turn    (no ring)
                     (no ring)

%: no passive effects
@: lethally poisoned (0 -> -1), tree-form, very slightly contaminated
A: stationary, stasis, torment immunity, boosted hp, almost no armour,
(amphibious), 8 rings, (camouflage 1), (gelatinous body 1), (nimble swimmer 1),
(tentacles)
a: no special abilities


You were on level 1 of the Dungeon.
You were a tree.
You visited 1 branch of the dungeon, and saw 1 of its levels.

You collected 49 gold pieces.

Inventory:

Hand Weapons
 i - a +2 dagger of venom
Missiles
 d - 9 stones
Talismans
 b - a beast talisman (active)
 c - a flux talisman
Scrolls
 g - a scroll of identify {unknown}
Potions
 h - a potion of brilliance


   Skills:
 + Level 1.5 Fighting
 + Level 0.3 Throwing
 + Level 2.1 Dodging
 + Level 1.0 Stealth
 + Level 3.1 Unarmed Combat
 * Level 3.2 Shapeshifting


You had one spell level left.
You didn't know any spells.
Your spell library was empty.

Dungeon Overview and Level Annotations

Branches:
Dungeon (1/15)

Altars:


Innate Abilities, Weirdness & Mutations

You are a tree.
Your roots penetrate the ground, keeping you stationary.
You cannot be teleported.
You are immune to unholy pain and torment.
Your maximum health is greatly increased.
You cannot wear most types of armour.
((You are amphibious.))
You can wear up to eight rings at the same time.
((Your skin changes colour to match your surroundings (Stealth+).))
((Your rubbery body absorbs attacks. (AC +1, EV +1)))
((You are camouflaged when in or above water. (Stealth+)))
((You have tentacles for arms and can constrict up to eight enemies at once.))


Message History

The kobold hits you with a +2 dagger of venom.
You are lethally poisoned!
You tentacle-slap the kobold but do no damage.
You squeeze the kobold.
You kill the kobold!
You feel very sick.
You feel very sick.
Things that are here:
a +2 dagger of venom; 3 stones; a giant cockroach corpse
i - a +2 dagger of venom
* * * LOW HITPOINT WARNING * * *
You feel sick.
The rat squeaks loudly.
It was a potion of cancellation.
You feel magically purged.
You are very lightly contaminated with residual magic.
* * * LOW HITPOINT WARNING * * *
You feel sick.
It was a potion of brilliance.
You feel clever all of a sudden.
* * * LOW HITPOINT WARNING * * *
You feel sick.
It was a potion of degeneration.
There was something very wrong with that liquid.
You feel weakened.
You feel dopey.
You feel clumsy.
* * * LOW HITPOINT WARNING * * *
You feel sick.
You tentacle-slap the rat but do no damage.
You grab the rat. You squeeze the rat.
You kill the rat!
* * * LOW HITPOINT WARNING * * *
You feel sick.
Your magical effects are unravelling.
You feel magically purged.
You feel slightly less contaminated with magical energies.
You feel a little less clever now.
* * * LOW HITPOINT WARNING * * *
You feel sick.
Your transformation has ended.
You turn into a tree.
Your roots penetrate the ground.
You die...

.................................
######...###########.............
.........# #######.............
.........# #......[.....#######
.........# #............#
.......#### #............#
..........# #............#
..........# #............#
..........# #..♣.........##
..........# #..............
....).....##########..#####
##'#........# ##..##
##.##.##....# #..## ##.##.##....#
##.## #. ...##.##....# #..# ####∩
#####.##....# ##.## ##.... #
#.......# #..# #.#.....


There were no monsters in sight!

Vanquished Creatures
  2 dart slugs (D:1)
  A bat (D:1)
  3 endoplasms (D:1)
  A giant cockroach (D:1)
  2 kobolds (D:1)
  A quokka (D:1)
  3 ball pythons (D:1)
  A frilled lizard (D:1)
  A goblin (D:1)
  2 rats (D:1)
17 creatures vanquished.

Notes
Turn   | Place    | Note
-------+----------+-------------------------------------------
     0 | D:1      | thriggle the Octopode Shapeshifter began the quest for the
                  | Orb.
     0 | D:1      | Reached XP level 1. HP: 13/13 MP: 1/1
   129 | D:1      | Reached XP level 2. HP: 15/18 MP: 2/2
   409 | D:1      | Reached skill level 1 in Stealth
   663 | D:1      | Succumbed to a kobold's poison

Illustrated notes

Levels and vault maps discovered:
D:1:      nzn_arrival_settlement, layout_basic, minmay_bisected

Skill      XL: |  1  2 |
---------------+-------+-----
Stealth        | 1 |  1.0
Fighting       | |  1.5
Throwing       | |  0.3
Dodging        | |  2.1
Unarmed Combat | |  3.1
Shapeshifting  | |  3.2

Action                     || total
---------------------------++-------
  Melee: Unarmed           ||    27
         Constrict         ||     6
         Tentacles         ||     6
         Punch             ||     1
    Use: Potion            ||     5
   Stab: Sleeping          ||     2
 Armour: Skin              ||     8
  Dodge: Dodged            ||    22
   Form: Beast             ||     1

Table legend: (Time is in decaauts)
 A = Elapsed time spent in this place.
 B = Non-inter-level travel time spent in this place.
 C = Inter-level travel time spent in this place.
 D = Time resting spent in this place.
 E = Time spent auto-exploring this place.
 F = Levels seen in this place.
 G = Mean time per level.
                   A        B        C        D        E       F      G
               +--------+--------+--------+--------+--------+-----+--------+
         Total |    661 |    661 |      0 |      0 |    532 |   1 |  661.0 |
       Dungeon |    661 |    661 |      0 |      0 |    532 |   1 |  661.0 |
               +--------+--------+--------+--------+--------+-----+--------+

Top non-repeatable levels by time:
     D:1: 661 daAuts
